AoeStats
← svizzeros

Black Forest

508291870Analyzed
4v4 RM · 9d ago on Sep 21, 2026· 67m 7s· 8 players
Game mode
Random Map
Map size
Large (8 player)
Population
200
Speed
Normal
Resources
Standard
Victory
Conquest
Starting age
Dark Age
Ending age
Imperial Age
RankedLock teamsTeams togetherTeam positionsShared explorationLock speedFull tech treeHidden civsTurbo modeCheats
Victory
Defeat
🇮🇹 Persians · Italy
811
+9
🇮🇹 Khmer · Italy
709
+13
🇦🇷 Teutons · Argentina
707
+13
🇮🇹 Vietnamese · Italy
671
+13
🇩🇪 Khmer · Germany
661
-13
🇮🇹 Huns · Italy
643
-12
🇩🇪 Romans · Germany
641
-12
🇮🇹 Franks · Italy
609
-11
xMasterCheF90x
10:38 Loom
11:36 Loom
13:24 Feudal Age
15:06 Wheelbarrow
14:15 Horse Collar
14:29 Double-Bit Axe
16:33 Gold Mining
16:35 Stone Mining
25:23 Castle Age
29:09 Hand Cart
32:29 Ballistas
33:20 Gold Shaft Mining
38:17 Imperial Age
38:27 Ballistics
39:30 Bow Saw
39:24 Heavy Plow
39:19 Heavy Scorpion
42:32 Chemistry
59:44 Town Watch
GolTecnic
0:36 Loom
14:35 Feudal Age
16:01 Wheelbarrow
15:09 Horse Collar
15:20 Double-Bit Axe
15:29 Gold Mining
15:30 Stone Mining
19:33 Scale Mail Armor
20:17 Arson
23:42 Castle Age
21:40 Town Watch
24:36 Bow Saw
24:45 Hand Cart
24:35 Heavy Plow
26:09 Gold Shaft Mining
25:42 Squires
25:03 Pikeman
28:18 Chain Mail Armor
32:30 Imperial Age
31:32 Marauders
35:07 Two-Man Saw
33:42 Halberdier
34:45 Conscription
34:46 Town Patrol
34:56 Scale Barding Armor
36:00 Chain Barding Armor
36:24 Husbandry
36:35 Bloodlines
37:36 Plate Barding Armor
37:26 Elite Tarkan
39:54 Chemistry
39:27 Ballistics
40:11 Caravan
40:42 Coinage
40:23 Guilds
40:32 Fletching
44:53 Banking
50:05 Masonry
49:51 Murder Holes
50:26 Bodkin Arrow
52:52 Atheism
puniscer
2:29 Loom
17:55 Feudal Age
19:12 Wheelbarrow
18:26 Double-Bit Axe
26:06 Castle Age
25:43 Scale Barding Armor
25:49 Forging
25:40 Scale Mail Armor
25:30 Arson
25:46 Gold Mining
25:47 Stone Mining
29:27 Squires
29:13 Gambesons
29:36 Husbandry
30:08 Bow Saw
30:18 Chain Mail Armor
30:39 Iron Casting
30:26 Chain Barding Armor
31:11 #83
33:45 Hand Cart
40:00 Gold Shaft Mining
43:34 Imperial Age
44:46 Conscription
45:04 Hoardings
45:31 Ballistics
46:12 Chemistry
45:24 Fortified Wall
45:11 Murder Holes
48:20 Light Cavalry
48:22 Cavalier
49:55 Arrowslits
50:01 Guard Tower
50:03 Arrowslits
50:24 Siege Engineers
53:30 Chivalry
58:22 Plate Barding Armor
58:47 Blast Furnace
58:18 Plate Mail Armor
58:50 Paladin
64:11 Elite Throwing Axeman
julian_venom
13:59 Feudal Age
14:51 Horse Collar
15:00 Double-Bit Axe
15:54 Wheelbarrow
21:14 Town Watch
25:40 Castle Age
24:19 Scale Barding Armor
27:29 Hand Cart
27:50 Caravan
28:21 Town Patrol
29:07 Bow Saw
29:34 Heavy Plow
31:41 Bloodlines
31:34 Husbandry
37:35 Chain Barding Armor
41:39 Imperial Age
40:15 Stone Mining
40:16 Gold Mining
41:14 Tusk Swords
42:51 Crop Rotation
42:55 Conscription
42:37 Double Crossbow
43:32 Plate Barding Armor
43:37 Ballistics
43:30 Masonry
43:32 Fortified Wall
44:23 Siege Engineers
44:51 Heavy Scorpion
46:17 Elite Battle Elephant
andresbuccio
2:58 Loom
10:53 Feudal Age
11:21 Double-Bit Axe
12:45 Wheelbarrow
14:44 Wheelbarrow
14:30 Horse Collar
19:35 Town Watch
23:48 Castle Age
23:26 Forging
23:07 Fletching
23:13 Stone Mining
23:13 Gold Mining
25:14 Bow Saw
25:19 Heavy Plow
31:29 Hand Cart
31:47 Caravan
34:00 Town Patrol
35:54 Kamandaran
36:05 Thumb Ring
35:21 Crossbowman
36:38 Murder Holes
37:06 Ballistics
36:45 Heated Shot
40:42 Imperial Age
38:50 Stone Shaft Mining
38:50 Gold Shaft Mining
39:16 Coinage
39:54 Gold Shaft Mining
38:47 Elite Skirmisher
38:57 Pikeman
39:38 Squires
39:24 Gambesons
40:35 Iron Casting
39:51 Fletching
40:54 Scale Mail Armor
40:59 Scale Barding Armor
40:54 Padded Archer Armor
42:05 Two-Man Saw
41:38 Crop Rotation
42:26 Chemistry
41:54 Conscription
41:45 Husbandry
41:58 Bodkin Arrow
43:04 Blast Furnace
41:55 Halberdier
45:06 Leather Archer Armor
45:12 Chain Barding Armor
45:07 Chain Mail Armor
44:21 Onager
45:53 Banking
45:34 Guilds
44:56 Heavy Camel Rider
47:21 Citadels
47:47 Hoardings
47:55 Hoardings
47:49 Masonry
47:39 Heavy Scorpion
52:03 Elite War Elephant
54:17 Arson
53:53 Man-at-Arms
54:47 Bloodlines
55:31 Plate Barding Armor
55:29 Plate Mail Armor
55:29 Ring Archer Armor
55:35 Plate Barding Armor
54:28 Heavy Scorpion
59:17 Light Cavalry
svizzeros
0:45 Loom
13:58 Feudal Age
14:41 Double-Bit Axe
14:40 Horse Collar
14:54 Gold Mining
14:54 Stone Mining
25:40 Castle Age
26:20 Fletching
26:31 Padded Archer Armor
27:16 Bow Saw
27:22 Heavy Plow
28:00 Stone Shaft Mining
29:57 Wheelbarrow
33:39 Imperial Age
32:21 Caravan
33:08 Crossbowman
34:38 Hand Cart
37:27 Ballistics
37:03 Heated Shot
38:21 Crop Rotation
39:11 Two-Man Saw
42:16 Chemistry
41:27 Elite Rattan Archer
41:40 Arbalester
42:26 Thumb Ring
42:43 Leather Archer Armor
42:24 Bodkin Arrow
42:51 Siege Engineers
42:49 Murder Holes
45:59 Paper Money
50:06 Ring Archer Armor
49:36 Bracer
52:53 Bloodlines
52:05 Light Cavalry
57:59 Squires
57:20 Pikeman
62:43 Halberdier
Bergoglio
1:46 Loom
14:56 Feudal Age
15:26 Double-Bit Axe
16:03 Horse Collar
19:15 Man-at-Arms
22:59 Town Watch
23:27 Forging
23:05 Arson
28:04 Castle Age
27:25 Scale Mail Armor
29:35 Wheelbarrow
29:11 Squires
28:56 Gambesons
28:32 Long Swordsman
30:17 Iron Casting
29:58 Chain Mail Armor
30:22 Bow Saw
30:17 Heavy Plow
34:00 Town Patrol
34:15 Hand Cart
33:30 Pikeman
35:27 Caravan
38:48 Imperial Age
36:52 Gold Mining
36:53 Stone Mining
40:07 Conscription
39:09 Elite Teutonic Knight
43:33 Blast Furnace
43:03 Plate Mail Armor
43:32 Crop Rotation
44:14 Two-Man Saw
45:21 Stone Shaft Mining
50:56 Ballistics
50:27 Heated Shot
51:40 Chemistry
51:04 Ballistics
50:13 Onager
51:34 Siege Engineers
51:35 Siege Onager
59:54 Ironclad
Palanca89
10:01 Loom
12:47 Feudal Age
13:57 Horse Collar
14:03 Double-Bit Axe
22:39 Castle Age
21:44 Scale Barding Armor
21:58 Forging
21:47 Gold Mining
21:49 Stone Mining
25:00 Heavy Plow
26:19 Husbandry
36:33 Wheelbarrow
35:43 Town Watch
36:15 Caravan
39:03 Imperial Age
37:43 Bow Saw
38:19 Light Cavalry
39:18 Hand Cart
39:04 Town Patrol
40:29 Conscription
40:11 Double Crossbow
40:52 Hoardings
40:54 Crop Rotation
40:15 Heavy Scorpion
40:16 Capped Ram
41:29 Siege Ram
44:38 Siege Engineers
44:55 Ballistics
45:37 Chemistry
44:47 Elite Ballista Elephant
49:48 Hussar
67:54 Iron Casting
67:40 Chain Barding Armor
Connection lost

Rejoining the realm…

Still unreachable

The connection could not be restored.

Session expired

The server has moved on; the page needs a fresh start.